 Dungeon Crawl Stone Soup version 0.30-a0-310-g7d6cbdfea6 (webtiles) character file.

Game seed: 13296595626782371480

137 Lanoc the Ruffian (level 5, 0/42 HPs)
             Began as a Draconian Transmuter on Oct 24, 2022.
             Slain by Crazy Yiuf
             ... wielding a +2 quarterstaff of chaos
              (2 damage)
             ... on level 2 of the Dungeon.
             The game lasted 00:03:08 (2372 turns).

Lanoc the Ruffian (Draconian Transmuter)            Turns: 2372, Time: 00:03:09

Health: 0/42       AC:  9    Str: 12    XL:     5   Next: 0%
Magic:  8/8        EV: 12    Int: 16    God:
Gold:   101        SH:  0    Dex: 11    Spells: 5/8 levels left

rFire   . . .      SeeInvis .      - Unarmed
rCold   . . .      Faith    .    (no shield)
rNeg    . . .      Spirit   .    (body armour unavailable)
rPois   .          Reflect  .    (helmet currently unavailable)
rElec   .          Harm     .    (no cloak)
rCorr   .          Rampage  .    (no gloves)
Will    .....                    (boots currently unavailable)
Stlth   +.........               i - amulet of magic regeneration
HPRegen 0.27/turn                l - +4 ring of protection
MPRegen 0.51/turn                (no ring)

@: appendages (expiring), slowed, very slow
A: horns 2, talons 2, AC +5, unfitting armour, cold-blooded
a: End Transformation


You were on level 2 of the Dungeon.
You had temporarily grown beastly horns and talons.
You visited 1 branch of the dungeon, and saw 2 of its levels.

You collected 101 gold pieces.

Inventory:

Missiles
 g - 5 atropa-tipped darts
Jewellery
 i - an amulet of magic regeneration (around neck)
 l - a +4 ring of protection (left hand)
Scrolls
 c - a scroll of torment {unknown}
 j - 3 scrolls of identify {unknown}
 m - a scroll of immolation {unknown}
Potions
 a - a potion of lignification
 b - a potion of haste {unknown}
 e - a potion of mutation {unknown}
 h - a potion of degeneration {unknown}
 k - a potion of heal wounds {unknown}


   Skills:
 + Level 2.4 Fighting
 + Level 2.6 Dodging
 + Level 3.6 Unarmed Combat
 - Level 2.0 Spellcasting
 * Level 3.6 Transmutations


You had 5 spell levels left.
You knew the following spells:

 Your Spells              Type           Power      Damage    Failure   Level
d - Wereblood             Tmut           13%        N/A       7%          2
e - Beastly Appendage     Tmut           26%        N/A       4%          1

Your spell library contained the following spells:

 Spells                   Type           Power      Damage    Failure   Level
 Spider Form              Tmut/Pois      7%         N/A       28%         3
 Ice Form                 Ice/Tmut       7%         N/A       67%         4


Dungeon Overview and Level Annotations

Branches:
Dungeon (2/15)

Altars:

Annotations:
D:2 Crazy Yiuf


Innate Abilities, Weirdness & Mutations

You have temporarily grown beastly horns and talons.
Your plain brown scales are hard. (AC +5)
You cannot fit into any form of body armour.
You are cold-blooded and may be slowed by cold attacks.


Message History

You hit the adder. You headbutt the adder.
You feel a bit better.
You kill the adder!
You hit the ball python.
You feel a bit better.
You kill the ball python!
You have reached level 5!
m - a scroll labelled PONURA JEITUI You howl as the wereblood boils in your veins!
You see here an adder corpse.
You howl as the wereblood boils in your veins!
Your horns disappear.
Your talons disappear.
You howl as the wereblood boils in your veins!
Your primal bloodlust is almost over.
Your primal bloodlust has ended.
There is a stone staircase leading down here.
There is a stone staircase leading down here.
Crazy Yiuf shouts!
Crazy Yiuf whimpers, "Ghoul!
Proton stair fast."
Casting: Wereblood (safe; 7% risk of failure)
Confirm with . or Enter, or press ? or * to list all spells.
You grow a pair of large bovine horns.
Your feet morph into talons.
You open the door.
Crazy Yiuf drinks a potion.
Crazy Yiuf goes berserk!
Crazy Yiuf hits you with a +2 quarterstaff of chaos!
Crazy Yiuf burns you.
Crazy Yiuf hits you with a +2 quarterstaff of chaos!!
* * * LOW HITPOINT WARNING * * *
There is an open translucent door, spattered with blood here.
Okay, then.
As you read the scroll labelled KORAEF VEMIGE, it crumbles to dust.
It is a scroll of amnesia.
Really abort (and waste the scroll)?
Okay, then.
Crazy Yiuf barely misses you.
As you read the scroll labelled SIRGHO RECVICU, it crumbles to dust.
You assume a fearsome visage.
Crazy Yiuf is unaffected.
It was a scroll of fear.
Your transformation is almost over.
Crazy Yiuf hits you with a +2 quarterstaff of chaos.
* * * LOW HITPOINT WARNING * * *
You feel yourself slow down. Crazy Yiuf freezes you.
You die...

.#........#.######'##.......#.#
######.#..#.#>.......##.#####.###
.....#.#..#############.# #......
.###.#.#..# #.# #.#.### .#
#.#.#..# ##### #.# #.#.# .#
#.#.#..# #)..# #.# #.#.# .#
#.#.#..# #...# #.# #.#.#
.###.#.#..# #.g.# #.# #.#.#
.#...#.#..# #@# #.# #.#.#
..........## ♣.♣♣ #.###.#.#
.......#...# ♣♣.♣ #.....#[#
.#>######### ♣.♣♣ #######.#
...........# ♣♣.♣ #.#
.#.######### ♣♣.♣♣ #.# ##.#
♣♣...♣ #.# .#.######### ♣....♣
#.# ...........# #....# #.#


You could see Crazy Yiuf (berserk).

Vanquished Creatures
  Terence (D:2)
  Robin (D:2)
  5 adders (D:2)
  2 dart slugs (D:2)
  3 ball pythons
  4 endoplasms
  3 giant cockroaches (D:1)
  11 goblins
  9 hobgoblins
  3 kobolds (D:1)
  2 quokkas (D:1)
  4 bats
  2 frilled lizards (D:1)
  3 rats
53 creatures vanquished.

Notes
Turn   | Place    | Note
-------+----------+-------------------------------------------
     0 | D:1      | Lanoc the Draconian Transmuter began the quest for the Orb.
     0 | D:1      | Reached XP level 1. HP: 16/16 MP: 3/3
   206 | D:1      | Reached XP level 2. HP: 23/23 MP: 3/5
   242 | D:1      | Learned a level 2 spell: Wereblood
   988 | D:2      | Reached XP level 3. HP: 29/29 MP: 4/6
  1020 | D:2      | Noticed Terence
  1030 | D:2      | Killed Terence
  1092 | D:2      | Reached XP level 4. HP: 36/36 MP: 3/7
  1335 | D:2      | Found a runed translucent door.
  1336 | D:2      | Noticed Crazy Yiuf
  1832 | D:2      | Noticed Robin
  1844 | D:2      | Killed Robin
  2165 | D:2      | Reached XP level 5. HP: 42/42 MP: 8/8
  2372 | D:2      | HP: 2/42 [Crazy Yiuf/+2 quarterstaff of chaos (3)]
  2372 | D:2      | Slain by Crazy Yiuf

Illustrated notes

Levels and vault maps discovered:
D:1:      lemuel_arrival_broad_hall, layout_basic
D:2:      layout_basic, minmay_misc_feat_diagonals, chequers_jeans,
          uniq_terence, uniq_robin, uniq_crazy_yiuf_cottage

Skill      XL: |  1  2  3 |
---------------+----------+-----
Dodging        | 2 |  2.6
Transmutations | 3 |  3.6
Fighting       | 2 |  2.4
Unarmed Combat | |  3.6
Spellcasting   | |  2.0

Action                   |  1- 3 |  4- 6 || total
-------------------------+-------+-------++-------
Melee: Unarmed           |    98 |    66 ||   164
       Kick              |    16 |     4 ||    20
       Tailslap          |    11 |     6 ||    17
       Headbutt          |     5 |     6 ||    11
       Punch             |     2 |     1 ||     3
 Cast: Beastly Appendage |    13 |     8 ||    21
       Wereblood         |     5 |     2 ||     7
  Use: Scroll            |       |     2 ||     2
 Stab: Sleeping          |     2 |       ||     2
Armor: Skin              |    26 |    19 ||    45
Dodge: Dodged            |    47 |    38 ||    85

Table legend: (Time is in decaauts)
 A = Elapsed time spent in this place.
 B = Non-inter-level travel time spent in this place.
 C = Inter-level travel time spent in this place.
 D = Time resting spent in this place.
 E = Time spent auto-exploring this place.
 F = Levels seen in this place.
 G = Mean time per level.
                   A        B        C        D        E       F      G
               +--------+--------+--------+--------+--------+-----+--------+
         Total |   2366 |   2344 |     22 |      0 |   2011 |   2 | 1183.0 |
       Dungeon |   2366 |   2344 |     22 |      0 |   2011 |   2 | 1183.0 |
               +--------+--------+--------+--------+--------+-----+--------+

Top non-repeatable levels by time:
     D:2: 1393 daAuts
     D:1: 973 daAuts
